 Dungeon Crawl Stone Soup version 0.24-a0-181-gd121a6d (webtiles) character file.

Game seed: 11148115397769280771

5 HyperSnackFlakAttack the Ducker (level 1, -1/10 HPs)
             Began as a Felid Abyssal Knight on Mar 14, 2019.
             Was a Follower of Lugonu.
             Slain by a hobgoblin
             ... wielding a +0 club
              (7 damage)
             ... on level 1 of the Dungeon.
             The game lasted 00:01:21 (475 turns).

HyperSnackFlakAttack the Ducker (FeAK)               Turns: 475, Time: 00:01:22

Health: -1/10      AC:  1    Str:  8    XL:     1   Next: 66%
Magic:  3/3        EV: 18    Int: 13    God:    Lugonu [*.....]
Gold:   56         SH:  0    Dex: 15    Spells: 0/0 levels left
                                        Lives:  0   Deaths: 0

rFire    . . .     SeeInvis +     - Unarmed
rCold    . . .     Gourm    .   (shield unavailable)
rNeg     . . .     Faith    .   (armour unavailable)
rPois    .         Spirit   .   (helmet unavailable)
rElec    .         Reflect  .   (cloak unavailable)
rCorr    .         Harm     .   (gloves unavailable)
MR       .....                  (boots unavailable)
Stlth    ++........             (no amulet)
HPRegen  0.03/turn              (no ring)
MPRegen  0.08/turn              (no ring)

@: quick
A: very small, no armour, no weapons or thrown items, stealth, claws 1, fangs 3,
see invisible, carnivore, speed 1, shaggy fur 1, slow metabolism 1, sharp paws
a: Depart the Abyss, Renounce Religion


You were on level 1 of the Dungeon.
You worshipped Lugonu.
Lugonu was aware of your devotion.
You were not hungry.

You visited 1 branch of the dungeon, and saw 2 of its levels.
You visited the Abyss 1 time.

You collected 56 gold pieces.

Inventory:

Potions
 b - a potion of haste {unknown}
Comestibles
 a - a ration


   Skills:
 + Level 3.2 Fighting
 - Level 3.2 Dodging
 + Level 2.2 Unarmed Combat
 - Level 1.7 Invocations


You couldn't memorise any spells.
You didn't know any spells.
Your spell library was empty.

Dungeon Overview and Level Annotations

Branches:
Dungeon (2/15)

Altars:
Fedhas


Innate Abilities, Weirdness & Mutations

You cannot wear armour.
You are incapable of wielding weapons or throwing items.
Your paws allow you to move quietly. (Stealth)
You have sharp claws.
You have razor-sharp teeth.
You have supernaturally acute eyesight. (SInv)
You are carnivorous and can eat meat at any time.
You cover ground quickly.
You are covered in fur. (AC +1)
You have a slow metabolism.
Your sharp claws are effective at attacking unaware monsters.


Message History

The hobgoblin shouts!
You scratch the kobold.
The kobold is severely wounded.
The kobold hits you but does no damage.
You scratch the kobold.
You kill the kobold!
Lugonu accepts your kill.
You scratch the hobgoblin but do no damage.
The hobgoblin hits you with a +0 club.
You barely miss the hobgoblin. You closely miss the hobgoblin.
Your bite misses the hobgoblin. The hobgoblin hits you with a +0 club.
You scratch the hobgoblin.
The hobgoblin is moderately wounded.
The hobgoblin hits you with a +0 club.
You scratch the hobgoblin but do no damage.
The hobgoblin is moderately wounded.
The hobgoblin hits you with a +0 club!
Ouch! That really hurt!
You die...

#............#....#
####.###########....#
.....#.........#....###
..#.#.#........#......#..
...........#...#...)#.#... .
........##.....#........#..#.
#.#.........#..#.............
.##......#.#...#g###.####...#####
.#.......#.....#@###.............
.#..#.#........#.##......#......
##........#....#..'......##..####
#...###.......#####..............
..)..........##..##.......#..####
g...###...#...##........#.#...#
#.#.......##...#.########.##..#
.........#.#...#.# #.##..#
#.#.......#g...#.# #.###>###


You could see a hobgoblin.

Vanquished Creatures
  A hobgoblin (D:1)
  2 bats (D:1)
  2 kobolds
  2 rats (D:1)
7 creatures vanquished.

Notes
Turn   | Place    | Note
-------+----------+-------------------------------------------
     0 | Abyss:1  | HyperSnackFlakAttack the Felid Abyssal Knight began the
                  | quest for the Orb.
     0 | Abyss:1  | Reached XP level 1. HP: 10/10 MP: 3/3
     2 | Abyss:1  | Noticed a large abomination
    10 | Abyss:1  | Noticed a small abomination
    18 | Abyss:1  | Found a corrupted altar of Lugonu.
    36 | Abyss:1  | Found a corrupted altar of Lugonu.
    42 | D:1      | Escaped the Abyss
   181 | D:2      | Found a blossoming altar of Fedhas.
   449 | D:1      | Reached * piety under Lugonu
   475 | D:1      | Slain by a hobgoblin

Levels and vault maps discovered:
D:1:      matt_arrival_debris, layout_basic
D:2:      layout_basic, nicolae_gozag_cash_rules_everything_around_me,
          nicolae_overflow_crystal_walls, chequers_ecumenical_altar_simple
Abyss:1

Action                   || total
-------------------------++-------
Melee: Unarmed           ||    23
       Bite              ||     1
Invok: Depart the Abyss  ||     1
 Stab: Sleeping          ||     1
Armor: Skin              ||     2
Dodge: Dodged            ||     9

Table legend:
 A = Non-vault XP
 B = Vault XP
 C = Vault XP percentage of total XP
 D = Non-vault monster count
 E = Vault monster count
 F = Vault count percentage of total count
                 A         B        C        D         E       F
            +---------+---------+-------+---------+---------+-------
      Total |       8 |       0 |   0.0 |       7 |       0 |   0.0
            +---------+---------+-------+---------+---------+-------
        D:1 |       7 |       0 |   0.0 |       6 |       0 |   0.0
        D:2 |       1 |       0 |   0.0 |       1 |       0 |   0.0
            +---------+---------+-------+---------+---------+-------
